 Dungeon Crawl Stone Soup version 0.23.2-30-g0e89c35649 (webtiles) character file.

Game seed: 4473334262412141514

1512 Gildeon the Slasher (level 8, 0/60 HPs)
             Began as a Mummy Fighter on June 23, 2019.
             Was a Priest of Kikubaaqudgha.
             Splashed by a jelly's acid (7 damage)
             ... on level 6 of the Dungeon.
             The game lasted 00:28:33 (5467 turns).

Gildeon the Slasher (Mummy Fighter)                 Turns: 5467, Time: 00:28:34

Health: 0/60       AC: 16    Str: 20    XL:     8   Next: 53%
Magic:  12/12      EV:  8    Int:  8    God:    Kikubaaqudgha [***...]
Gold:   148        SH:  9    Dex: 12    Spells: 2/13 levels left

rFire    + . .     SeeInvis .   a - +0 long sword
rCold    . . .     Gourm    .   c - +0 shield
rNeg     + + +     Faith    .   s - +6 scale mail {rF+}
rPois    ∞         Spirit   .   u - +2 hat
rElec    .         Reflect  .   b - +0 cloak
rCorr    .         Harm     .   (no gloves)
MR       +....                  (no boots)
Stlth    ..........             (no amulet)
HPRegen  0.20/turn              r - ring of fire
MPRegen  0.13/turn              e - ring of positive energy

@: no status effects
A: no food or potions, fire vulnerability, cold resistance 1, negative energy
resistance 3, torment resistance, unbreathing
a: Receive Corpses, Renounce Religion


You were on level 6 of the Dungeon.
You worshipped Kikubaaqudgha.
Kikubaaqudgha was most pleased with you.
You were not hungry.

You visited 2 branches of the dungeon, and saw 7 of its levels.

You collected 365 gold pieces.
You spent 217 gold pieces at shops.

Inventory:

Hand Weapons
 a - a +0 long sword (weapon)
 l - a +0 dagger of venom
Missiles
 m - a tomahawk of returning (quivered)
 o - 3 poisoned tomahawks
 q - 10 tomahawks
Armour
 b - a +0 cloak (worn)
 c - a +0 shield (worn)
 i - a +0 helmet
 s - a +6 scale mail of fire resistance (worn)
 u - a +2 hat (worn)
Jewellery
 e - a ring of positive energy (right hand)
 r - a ring of fire (left hand)
Wands
 n - a wand of acid (6)
 p - a wand of disintegration (11)
 t - a wand of flame (19)
Scrolls
 f - a scroll of fog
 g - a scroll of blinking
 h - 6 scrolls of remove curse
 j - a scroll of brand weapon
 k - 2 scrolls of teleportation


   Skills:
 - Level 4.2 Fighting
 * Level 6.7 Long Blades
 - Level 1.0 Throwing
 - Level 3.5 Armour
 - Level 2.0 Dodging
 - Level 3.0 Shields
 - Level 3.0 Spellcasting
 - Level 1.1 Conjurations
 - Level 2.0 Necromancy
 - Level 1.0 Evocations


You had 2 spell levels left.
You knew the following spells:

 Your Spells              Type           Power        Failure   Level  Hunger
a - Animate Skeleton      Necr           N/A          88%         1    N/A
b - Pain                  Necr           #...         88%         1    N/A
c - Corpse Rot            Necr           N/A          96%         2    N/A
d - Vampiric Draining     Necr           #.........   99%         3    N/A
e - Dazzling Spray        Conj/Hex       #.....       100%        3    N/A
f - Magic Dart            Conj           #...         95%         1    N/A

Your spell library contained the following spells:

 Spells                   Type           Power        Failure   Level  Hunger
 Searing Ray              Conj           #.....       99%         2    N/A
 Force Lance              Conj/Tloc      #.......     100%        4    N/A
 Fulminant Prism          Conj/Hex       #.........   100%        4    N/A
 Iskenderun's Mystic Bla  Conj           #.......     100%        4    N/A

Dungeon Overview and Level Annotations

Branches:
Dungeon (6/15)             Temple (1/1) D:4

Altars:
Ashenzari
Cheibriados
Dithmenos
Fedhas
Gozag
Hepliaklqana
Kikubaaqudgha
Makhleb
Nemelex Xobeh
Okawaru
Qazlal
Ru
Sif Muna
Trog
Uskayaw
Vehumet
Wu Jian
Xom
Yredelemnul
The Shining One
Beogh

Shops:
D:4 [


Innate Abilities, Weirdness & Mutations

You do not eat or drink.
Your flesh is vulnerable to fire.
You are immune to poison.
Your flesh is cold resistant. (rC+)
You are immune to negative energy. (rN+++)
You are immune to unholy pain and torment.
You can survive without breathing.


Message History

The jelly hits you but does no damage.
You hit the orc wizard.
The orc wizard is moderately wounded.
You block the orc's attack.
The orc wizard casts a spell.
The orc wizard blinks!
The jelly barely misses you.
You riposte.
You slash the jelly!
The jelly is severely wounded.
You block the orc's attack.
You hit the jelly.
Your hands burn!
* * * LOW HITPOINT WARNING * * *
The jelly is almost dead.
The jelly hits you but does no damage. The orc hits you but does no damage.
Your shield and scale mail prevent you from hitting the jelly.
The jelly is almost dead.
The jelly hits you.
* * * LOW HITPOINT WARNING * * *
You are splashed with acid!
You die...
Kikubaaqudgha rasps: "You have failed me!
Welcome... oblivion!"

..$. ###..#.............
o...## ##....#.........#..##
##....##...................#
......../...................
...........#................
.......#...##......(........
.........%Jo..............#.
#..(.()@..............##
#......o.................
##......................#
#...................)...#
..................!#......
..#......##......#.##......
..###.###.......#...........
.. #.........#.#...........
..# #......#................


You could see a jelly, an orc wizard and an orc.

Vanquished Creatures
  A black bear (D:6)
  An ice beast (D:5)
  2 phantoms
  3 ogres (D:6)
  A water moccasin zombie (D:5)
  2 scorpions
  A crimson imp (D:4)
  A jelly (D:6)
  Crazy Yiuf (D:5)
  6 orc priests
  3 hounds
  4 orc wizards
  3 iguanas
  A killer bee zombie (D:6)
  4 adders
  A gnoll (D:1)
  A howler monkey skeleton (D:4)
  2 oozes
  An adder zombie (D:6)
  2 worms
  3 dart slugs (D:1)
  2 leopard geckos
  26 orcs
  8 giant cockroaches
  3 goblins
  A hobgoblin (D:3)
  8 jackals (D:3)
  2 quokkas
  3 bats
  3 frilled lizards
  6 kobolds
  A leopard gecko skeleton (D:4)
  A quokka skeleton (D:5)
  7 rats
  A fungus (D:5)
116 creatures vanquished.

Notes
Turn   | Place    | Note
-------+----------+-------------------------------------------
     0 | D:1      | Gildeon the Mummy Fighter began the quest for the Orb.
     0 | D:1      | Reached XP level 1. HP: 18/18 MP: 1/1
   193 | D:1      | Reached skill level 2 in Long Blades
   193 | D:1      | Reached XP level 2. HP: 24/24 MP: 2/2
   479 | D:2      | Reached XP level 3. HP: 29/29 MP: 3/3
   729 | D:2      | Found a shadowy altar of Dithmenos.
   779 | D:2      | Found an ancient bone altar of Kikubaaqudgha.
   784 | D:2      | Became a worshipper of Kikubaaqudgha
  1457 | D:3      | Reached XP level 4. HP: 33/36 MP: 4/4
  1675 | D:3      | Reached skill level 3 in Long Blades
  1764 | D:3      | Reached * piety under Kikubaaqudgha
  1764 | D:3      | Identified Kikubaaqudgha's Reference Book on Stolen Souls
                  | (Kikubaaqudgha gifted it to you on level 3 of the Dungeon)
  1764 | D:3      | Received a gift from Kikubaaqudgha
  1770 | D:3      | Learned a level 1 spell: Animate Skeleton
  1772 | D:3      | Learned a level 1 spell: Pain
  2246 | D:3      | Found a roughly hewn altar of Beogh.
  2262 | D:3      | Reached XP level 5. HP: 23/42 MP: 5/5
  2539 | D:3      | Found a hazy altar of Hepliaklqana.
  2539 | D:3      | Found a bloodstained altar of Trog.
  2730 | D:4      | Found Ydghac's Antique Armour Boutique.
  2797 | D:4      | Reached XP level 6. HP: 42/48 MP: 6/6
  2825 | D:4      | Learned a level 2 spell: Corpse Rot
  2876 | D:4      | Reached skill level 4 in Long Blades
  2937 | D:4      | Found a staircase to the Ecumenical Temple.
  2949 | Temple   | Entered the Ecumenical Temple
  3257 | D:4      | Reached skill level 1 in Spellcasting
  3470 | D:4      | Got a steaming leather armour
  3481 | D:4      | Identified the +2 leather armour of Baterymn {rF- rC+ rN++
                  | Int+2} (You found it on level 4 of the Dungeon)
  3485 | D:4      | Learned a level 3 spell: Vampiric Draining
  3628 | D:5      | Entered Level 5 of the Dungeon
  3636 | D:4      | Reached ** piety under Kikubaaqudgha
  3812 | D:5      | Reached skill level 1 in Dodging
  3812 | D:5      | Reached XP level 7. HP: 48/54 MP: 8/8
  3985 | D:5      | Reached skill level 1 in Necromancy
  4001 | D:5      | Reached skill level 5 in Long Blades
  4022 | D:5      | Reached skill level 1 in Throwing
  4355 | D:5      | Learned a level 3 spell: Dazzling Spray
  4440 | D:4      | Bought a shiny scale mail for 217 gold pieces
  4509 | D:5      | Found a burning altar of Makhleb.
  4517 | D:5      | Noticed an Executioner
  4520 | D:5      | Noticed a hellwing
  4520 | D:5      | Noticed a ynoxinul
  4807 | D:5      | Found a runed translucent door.
  4808 | D:5      | Noticed Crazy Yiuf
  4815 | D:5      | Killed Crazy Yiuf
  4815 | D:5      | Reached skill level 1 in Evocations
  4863 | D:6      | Reached XP level 8. HP: 58/60 MP: 11/11
  4897 | D:6      | Learned a level 1 spell: Magic Dart
  4944 | D:6      | Reached skill level 6 in Long Blades
  5439 | D:6      | Reached skill level 1 in Conjurations
  5464 | D:6      | Reached *** piety under Kikubaaqudgha
  5464 | D:6      | Identified Kikubaaqudgha's Volume of Darkness
                  | (Kikubaaqudgha gifted it to you on level 6 of the Dungeon)
  5464 | D:6      | Received a gift from Kikubaaqudgha
  5467 | D:6      | Splashed by a jelly's acid

Skill      XL: |  1  2  3  4  5  6  7  8 |
---------------+-------------------------+-----
Long Blades    | 2 3 4 5 6 |  6.7
Armour         | 3 |  3.5
Fighting       | 4 |  4.2
Spellcasting   | 1 2 3 |  3.0
Dodging        | 1 2 |  2.0
Shields        | 3 |  3.0
Necromancy     | 1 2 |  2.0
Throwing       | 1 |  1.0
Evocations     | 1 |  1.0
Conjurations   | 1 |  1.1

Action                   |  1- 3 |  4- 6 |  7- 9 || total
-------------------------+-------+-------+-------++-------
Melee: Long sword        |    63 |   231 |   198 ||   492
Throw: Tomahawk          |     2 |    27 |    43 ||    72
       Javelin           |       |     4 |     9 ||    13
  Use: Scroll            |     2 |     3 |     7 ||    12
Armor: Scale mail        |    47 |   118 |   131 ||   296
Dodge: Dodged            |    27 |    89 |    54 ||   170
Block: Shield            |    33 |   128 |    82 ||   243
       Rpst.: Long sword |    11 |    27 |    20 ||    58
